 Dungeon Crawl Stone Soup version 0.31.0-11-ge490571c62 (webtiles) character file.

Game seed: 807732914350985183

907 sanka the Insei (level 7, 59/59 HPs)
             Began as a White Draconian Monk on Jan 28, 2024.
             Was a Believer of Okawaru.
             Quit the game on level 5 of the Dungeon.
             The game lasted 00:05:11 (4150 turns).

sanka the Insei (White Draconian Monk)              Turns: 4150, Time: 00:05:12

Health: 59/59      AC:  8    Str: 13    XL:     7   Next: 81%
Magic:  10/10      EV: 13    Int: 10    God:    Okawaru [**....]
Gold:   268        SH:  0    Dex: 16    Spells: 6/6 levels left

rFire   . .          .
                       - Unarmed
rCold   + . .        b - orb {light}
rNeg    . . .        (body armour unavailable)
rPois   .            (helmet restricted)
rElec   .            (no cloak)
rCorr   .            (no gloves)
SInv    .            j - +1 pair of boots
Will    .....        (no amulet)
Stlth   +            (no ring)
HPRegen 0.29/turn    (no ring)
MPRegen 0.12/turn

%: no passive effects
@: glowing
A: breathe frost, AC +6, unfitting armour, cold resistance 1, cold-blooded
a: Breathe Frost, Renounce Religion, Heroism


You were on level 5 of the Dungeon.
You worshipped Okawaru.
Okawaru was pleased with you.
You visited 1 branch of the dungeon, and saw 5 of its levels.

You collected 268 gold pieces.


Innate Abilities, Weirdness & Mutations

You can breathe waves of freezing cold which knock back foes.
Your icy white scales are hard. (AC +6)
You cannot fit into any form of body armour.
Your flesh is cold resistant. (rC+)
You are cold-blooded and may be slowed by cold attacks.


   Skills:
 - Level 4.0 Fighting
 - Level 2.6 Dodging
 + Level 7.9 Unarmed Combat
 - Level 5.0 Invocations


You had 6 spell levels left.
You didn't know any spells.
Your spell library contained the following spells:

 Spells                   Type           Power      Damage    Failure   Level
 Inner Flame              Hex/Fire       0%         N/A       75%         3
 Flame Wave               Conj/Fire      0%         2d4       98%         4
 Sticky Flame             Fire/Alch      0%         2d4       98%         4

Inventory:

Missiles
 q - 2 throwing nets {=f}
Armour
 b - an orb of light (worn)
 j - a +1 pair of boots (worn)
Jewellery
 n - a ring of wizardry
Talismans
 g - a beast talisman
Wands
 k - a wand of mindburst (10)
Scrolls
 c - a scroll of acquirement {unknown}
 f - 5 scrolls of teleportation {unknown}
 h - 3 scrolls of identify {unknown}
 i - a scroll of poison {unknown}
 o - a scroll of fog {unknown}
 p - a scroll of butterflies {unknown}
 r - a scroll of torment {unknown}
 t - 3 scrolls of noise {unknown}
 u - a scroll of blinking {unknown}
Potions
 a - a potion of ambrosia
 d - a potion of lignification {unknown}
 e - a potion of might {unknown}
 l - 3 potions of enlightenment {unknown}
 m - 2 potions of haste {unknown}
 s - a potion of brilliance {unknown}

Dungeon Overview and Level Annotations

Branches:
Dungeon (5/15)
 Temple: D:4-7

Altars:
Gozag
Okawaru
Uskayaw

▒▒▒▒.▒..†. ▒.▒ ▒.▒.▒▒.
▒.▒ ▒ ▒▒▒▒.
▒▒▒▒▒▒▒▒.▒▒▒ ▒▒
▒$......... ▒
▒........▒ ▒ ▒........▒
▒▒▒▒+▒▒▒ ▒
▒.▒▒........▒ ▒...<..▒
▒
........d...▒▒▒▒......▒
▒
......................▒
▒
............▒.▒▒......▒
.........!....▒▒......▒
...........▒▒.......▒▒▒
....▒▒▒▒▒▒▒▒▒▒▒▒▒▒▒▒.▒
. .... ▒.▒ ▒. ...
▒▒▒▒.▒ ▒. ▒.▒▒.▒▒▒.


There were no monsters in sight!


Message History

The bombardier beetle barely misses you.
You hit the bombardier beetle.
The bombardier beetle is severely wounded.
The liquid fire burns you!
* * * LOW HITPOINT WARNING * * *
The bombardier beetle sprays incendiary fluid at you.
The burning spray hits you.
You are even more covered in liquid fire!
You hit the bombardier beetle.
You kill the bombardier beetle!
Okawaru accepts your kill. The liquid fire burns you!
* * * LOW HITPOINT WARNING * * *
No target in view!
No target in view!
You are on fire!
Unknown command.
You shake off some of the fire as you move.
The liquid fire burns you!
* * * LOW HITPOINT WARNING * * *
You see here a hound corpse.
You shake off some of the fire as you move.
The liquid fire burns you!
* * * LOW HITPOINT WARNING * * *
You shake off the liquid fire.
You see here a hound corpse.
You see here a hound corpse.
You start resting.
HP restored.
Are you sure you want to abandon this character and quit the game? (Confirm with "yes".)

Action                     |  1- 3 |  4- 6 |  7- 9 || total
---------------------------+-------+-------+-------++-------
  Melee: Unarmed           |   104 |   144 |    58 ||   306
         Tailslap          |    15 |    24 |     8 ||    47
 Armour: Skin              |    56 |    64 |    24 ||   144
  Dodge: Dodged            |    89 |    58 |    26 ||   173

Levels and vault maps discovered:
D:1:      roderic_dead_forest, layout_basic, dilly_ecumenical_altar_fadedgnrine
D:2:      layout_basic, uniq_robin, uniq_sigmund
D:3:      layout_loops_ring, grunt_gozag_statues, uniq_natasha
D:4:      nicolae_cairo_tiling_very_big, layout_gridville, okawaru_gym_becter,
          mainiacjoe_overflow_tiny_flanked, lexackson_kobold_supper
D:5:      layout_basic, mainiacjoe_overflow_alcove_4, uniq_ijyb

Notes
Turn   | Place    | Note
-------+----------+-------------------------------------------
     0 | D:1      | sanka the Draconian Monk began the quest for the Orb.
     0 | D:1      | Reached XP level 1. HP: 19/19 MP: 1/1
    90 | D:1      | Reached XP level 2. HP: 26/26 MP: 2/2
   374 | D:1      | Reached skill level 4 in Fighting
   399 | D:1      | Reached XP level 3. HP: 32/33 MP: 3/3
   567 | D:1      | Found a faded altar of an unknown god.
   777 | D:2      | Reached skill level 4 in Unarmed Combat
  1167 | D:2      | Noticed Robin
  1210 | D:2      | Reached XP level 4. HP: 33/40 MP: 4/4
  1224 | D:2      | Killed Robin
  1251 | D:2      | Noticed Sigmund
  1311 | D:2      | HP: 1/40 [Sigmund/+4 heavy scythe (7)]
  1312 | D:2      | Killed Sigmund
  1313 | D:2      | Reached skill level 6 in Unarmed Combat
  1313 | D:2      | Reached XP level 5. HP: 1/46 MP: 5/5
  1943 | D:3      | Found an opulent altar of Gozag.
  1986 | D:3      | Reached XP level 6. HP: 48/52 MP: 6/6
  2257 | D:3      | Noticed Natasha
  2273 | D:3      | Killed Natasha
  2274 | D:3      | Reached skill level 7 in Unarmed Combat
  2675 | D:4      | Found an iron altar of Okawaru.
  2687 | D:4      | Became a worshipper of Warmaster Okawaru
  2687 | D:4      | Reached * piety under Okawaru
  2687 | D:4      | Reached ** piety under Okawaru
  2976 | D:4      | Reached skill level 1 in Invocations
  2987 | D:4      | Reached skill level 2 in Invocations
  3241 | D:4      | Reached skill level 3 in Invocations
  3287 | D:4      | Your scales start taking on an icy white colour.
  3287 | D:4      | Reached XP level 7. HP: 41/59 MP: 9/9
  3287 | D:4      | Gained mutation: Your flesh is cold resistant. (rC+) [White
                  | Draconian growth]
  3294 | D:4      | HP: 1/59 [gnoll/+0 halberd (13)]
  3542 | D:4      | Found a hide-covered altar of Uskayaw.
  3793 | D:5      | Entered Level 5 of the Dungeon
  3806 | D:5      | Reached skill level 4 in Invocations
  3889 | D:5      | Reached skill level 5 in Invocations
  4150 | D:5      | Quit the game

Vanquished Creatures
  Sigmund (D:2)
  An ice beast (D:5)
  A kobold brigand (D:4)
  2 scorpions (D:5)
  4 bombardier beetles
  A gnoll bouda (D:3)
  A hound (D:5)
  An iguana (D:3)
  Natasha (D:3)
  Robin (D:2)
  6 gnolls
  6 adders
  A white imp (D:5)
  2 dart slugs
  2 orcs
  10 ball pythons
  7 bats
  8 endoplasms
  5 giant cockroaches
  13 goblins
  9 hobgoblins
  5 jackals
  9 kobolds
  2 quokkas (D:1)
  A frilled lizard (D:1)
  6 rats
106 creatures vanquished.
